 Dungeon Crawl Stone Soup version 0.25-a0-246-g58704a1ebd (console) character file.

Game seed: 16695502116821757244, levelgen mode: deterministic

14314 Kagalorn the Thaumaturge (level 12, -16/89 HPs)
             Began as a Gnoll Wizard on Dec 3, 2019.
             Was a Believer of Ashenzari.
             Killed from afar by a swamp worm (21 damage)
             ... with a harpoon shot
             ... on level 2 of the Lair of Beasts.
             The game lasted 00:54:33 (13387 turns).

Kagalorn the Thaumaturge (Gnoll Wizard)            Turns: 13387, Time: 00:54:33

Health: -16/89     AC:  6    Str:  9    XL:     12   Next: 15%
Magic:  24/34      EV: 17    Int: 29    God:    Ashenzari [**....]
Gold:   585        SH:  0    Dex: 15    Spells: 20/30 levels left

rFire    . . .     SeeInvis .   S - +3 flail (freeze)
rCold    . . .     Gourm    .   (no shield)
rNeg     . . .     Faith    .   a - +0 robe
rPois    .         Spirit   .   e - +0 helmet
rElec    .         Reflect  .   b - +0 cloak
rCorr    .         Harm     .   y - +0 pair of gloves
MR       .....                  (no boots)
Stlth    ++++......             D - amulet of regeneration (curse)
HPRegen  0.64/turn              K - +4 ring of intelligence
MPRegen  0.24/turn              w - ring of magical power

@: confusing touch
A: distributed training, fangs 1, strong nose
a: Curse Item, Scrying, Renounce Religion


You were on level 2 of the Lair of Beasts.
You worshipped Ashenzari.
Ashenzari was pleased with you.
You were not hungry.

You visited 3 branches of the dungeon, and saw 14 of its levels.

You collected 676 gold pieces.
You spent 91 gold pieces at shops.

Inventory:

Hand Weapons
 z - a +1 dagger of venom
 S - a +3 flail of freezing (weapon)
 Y - a +0 falchion of flaming
Missiles
 c - 10 javelins (quivered)
 f - 5 silver javelins
 l - 282 stones
 u - 24 bolts
 E - 152 arrows
 P - 101 sling bullets
Armour
 a - a +0 robe (worn)
 b - a +0 cloak (worn)
 e - a +0 helmet (worn)
 y - a +0 pair of gloves (worn)
Jewellery
 h - an uncursed ring of poison resistance
 w - a ring of magical power (right hand)
 D - a cursed amulet of regeneration (around neck)
 J - an uncursed ring of ice
 K - a +4 ring of intelligence (left hand)
 L - an uncursed ring of see invisible
 V - an uncursed ring of stealth
Wands
 s - a wand of polymorph (8)
 v - a wand of enslavement (6)
 B - a wand of flame (28)
 Q - a wand of digging (6)
 T - a wand of paralysis (17)
 U - a wand of iceblast (18)
Scrolls
 g - 2 scrolls of vulnerability
 i - 4 scrolls of remove curse
 k - a scroll of enchant weapon {unknown}
 n - a scroll of fog
 o - 7 scrolls of magic mapping
 r - 10 scrolls of teleportation
 G - a scroll of fear {unknown}
 H - a scroll of silence {unknown}
 I - 2 scrolls of blinking
 M - a scroll of holy word {unknown}
 R - a scroll of brand weapon
 W - a scroll of amnesia
Potions
 j - 2 potions of heal wounds
 m - a potion of agility
 p - a potion of cancellation
 q - 3 potions of magic
 t - 6 potions of flight {unknown}
 x - a potion of mutation
 A - 2 potions of lignification
 C - 5 potions of curing
 F - 4 potions of ambrosia
 N - a potion of might
 X - a potion of haste
Comestibles
 d - 27 rations
 O - 4 chunks of flesh


   Skills:
 + Level 6.9 Fighting
 + Level 6.9 Short Blades
 + Level 6.9 Long Blades
 + Level 6.9 Axes
 + Level 6.9 Maces & Flails
 + Level 6.9 Polearms
 + Level 6.9 Staves
 + Level 6.9 Slings
 + Level 6.9 Bows
 + Level 6.9 Crossbows
 + Level 6.9 Throwing
 + Level 6.9 Armour
 + Level 8.3 Dodging
 + Level 8.1 Stealth
 + Level 6.9 Shields
 + Level 6.9 Unarmed Combat
 + Level 9.9 Spellcasting
 + Level 6.1 Conjurations
 + Level 5.7 Hexes
 + Level 5.7 Charms
 + Level 6.1 Summonings
 + Level 5.7 Necromancy
 + Level 6.1 Translocations
 + Level 5.7 Transmutations
 + Level 5.7 Fire Magic
 + Level 5.7 Ice Magic
 + Level 5.7 Air Magic
 + Level 5.7 Earth Magic
 + Level 5.7 Poison Magic
 + Level 7.5 Invocations
 + Level 6.9 Evocations


You had 20 spell levels left.
You knew the following spells:

 Your Spells              Type           Power        Failure   Level  Hunger
a - Magic Dart            Conj           ####         1%          1    None
b - Confusing Touch       Hex            #####.       1%          1    None
c - Conjure Flame         Conj/Fire      #####...     1%          3    None
e - Mephitic Cloud        Conj/Pois/Air  #####...     1%          3    None
g - Blink                 Tloc           N/A          1%          2    None

Your spell library contained the following spells:

 Spells                   Type           Power        Failure   Level  Hunger
 Animate Skeleton         Necr           N/A          1%          1    None
 Apportation              Tloc           ######       1%          1    None
 Summon Small Mammal      Summ           ####         1%          1    None
 Call Imp                 Summ           ######..     1%          2    None
 Slow                     Hex            #####...     1%          2    None


Dungeon Overview and Level Annotations

Branches:
Dungeon (11/15)            Temple (1/1) D:7            Lair (2/6) D:9
  Swamp (0/4) Lair:2          Orc (0/2) D:10
  Snake: Lair:2-4    Spider: Lair:2-4

Altars:
Ashenzari
Cheibriados
Dithmenos
Elyvilon
Fedhas
Gozag
Hepliaklqana
Kikubaaqudgha
Makhleb
Nemelex Xobeh
Okawaru
Qazlal
Ru
Sif Muna
Trog
Uskayaw
Vehumet
Wu Jian
Xom
Yredelemnul
Zin
The Shining One

Shops:
D:6 *   D:8 }

Annotations:
D:8 3 runed translucent doors, Titania's ghost, novice DrTm; an12's ghost, novice MfSk; endorz's ghost, novice TrFi
D:10 Fannar; Urug
Lair:1 1 runed translucent door, soberaf's ghost, journeyman HuWn


Innate Abilities, Weirdness & Mutations

Your experience applies equally to all skills.
You have very sharp teeth.
Your uncanny sense of smell can sniff out nearby items.


Message History

The swamp worm is lightly wounded.
The swamp worm bites you.
You hit the swamp worm but do no damage.
You punch the swamp worm, but do no damage.
The swamp worm is lightly wounded.
The swamp worm bites you!
* * * LOW HITPOINT WARNING * * *
You completely miss the swamp worm.
The swamp worm is lightly wounded.
The swamp worm bites you!!
* * * LOW HITPOINT WARNING * * *
Casting: Confusing Touch (safe; 1% risk of failure)
Confirm with . or Enter, or press ? or * to list all spells.
You blink.
Casting: Blink (safe; 1% risk of failure)
Confirm with . or Enter, or press ? or * to list all spells.
You blink.
The swamp worm throws harpoon shot at you.
The harpoon shot hits you!!
You die...

###.#################*## ###
####PP..##P...#.##..##.##P# ###.#
.................<.§......###....
P..........##...§w####.÷...#P....
#.........P###....## #...P##.)...
#............#.....###...####....
#.................###P...###.....
#................................
................@................
...P.P...........................
....P#....P#.#P.........###......
....###...#####...........##.....
....# #...# ##..........).....#.
....# #...####...............##..
.[..###.....##P.............##...
.....#♣......................[.##
.♣♣..♣♣♣♣♣♣♣...............#..#..


You could see a swamp worm.

Vanquished Creatures
  4 hydras
  A two-headed ogre (D:10)
  An orc knight (D:10)
  Joseph (D:8)
  3 spiny frogs
  4 komodo dragons
  A tyrant leech (Lair:2)
  3 hippogriffs
  2 dream sheep (D:9)
  6 yaks
  A water elemental (D:10)
  A wyvern (D:9)
  2 hungry ghosts
  4 water moccasins
  6 porcupines
  2 ice beasts
  6 orc warriors
  A black bear (D:9)
  2 sky beasts
  4 ogres
  A phantom (D:9)
  A wolf (Lair:2)
  4 centaurs
  4 crocodiles
  5 big kobolds
  6 bullfrogs
  6 scorpions
  3 wights
  2 howler monkeys
  2 electric eels (D:9)
  3 crimson imps
  A bullfrog zombie (D:10)
  A quasit (D:7)
  A centaur skeleton (D:7)
  2 jellies
  2 hounds
  14 orc wizards
  4 orc priests
  2 bullfrog skeletons
  3 iguanas
  10 worker ants
  A hound zombie (D:6)
  A worker ant zombie (D:6)
  A howler monkey skeleton (D:8)
  13 adders
  3 shadow imps
  3 oozes
  An adder skeleton (D:9)
  An adder zombie (D:6)
  3 worms
  2 leopard geckos (D:5)
  40 orcs
  5 bats
  4 giant cockroaches
  6 goblins
  11 hobgoblins
  13 jackals
  9 kobolds
  3 quokkas
  7 frilled lizards
  A quokka skeleton (D:5)
  7 rats
267 creatures vanquished.

Vanquished Creatures (collateral kills)
  An orc (D:4)
1 creature vanquished.

Vanquished Creatures (others)
  A human (D:2)
  5 plants (D:9)
  2 withered plants (Lair:1)
8 creatures vanquished.

Grand Total: 276 creatures vanquished

Notes
Turn   | Place    | Note
-------+----------+-------------------------------------------
     0 | D:1      | Kagalorn the Gnoll Wizard began the quest for the Orb.
     0 | D:1      | Reached XP level 1. HP: 13/13 MP: 8/8
    75 | D:1      | Reached XP level 2. HP: 10/19 MP: 1/10
   408 | D:1      | Reached XP level 3. HP: 25/25 MP: 4/11
   801 | D:2      | Reached skill level 1 in Invocations
   838 | D:2      | Reached skill level 1 in Fighting
   838 | D:2      | Reached skill level 1 in Short Blades
   838 | D:2      | Reached skill level 1 in Long Blades
   838 | D:2      | Reached skill level 1 in Axes
   838 | D:2      | Reached skill level 1 in Maces & Flails
   838 | D:2      | Reached skill level 1 in Polearms
   838 | D:2      | Reached skill level 1 in Staves
   838 | D:2      | Reached skill level 1 in Slings
   838 | D:2      | Reached skill level 1 in Bows
   838 | D:2      | Reached skill level 1 in Crossbows
   838 | D:2      | Reached skill level 1 in Throwing
   838 | D:2      | Reached skill level 1 in Armour
   838 | D:2      | Reached skill level 1 in Shields
   838 | D:2      | Reached skill level 1 in Unarmed Combat
   838 | D:2      | Reached skill level 1 in Evocations
   838 | D:2      | Reached XP level 4. HP: 24/32 MP: 1/13
  1232 | D:2      | Reached skill level 1 in Hexes
  1232 | D:2      | Reached skill level 1 in Charms
  1232 | D:2      | Reached skill level 1 in Necromancy
  1232 | D:2      | Reached skill level 1 in Transmutations
  1232 | D:2      | Reached skill level 1 in Fire Magic
  1232 | D:2      | Reached skill level 1 in Ice Magic
  1232 | D:2      | Reached skill level 1 in Air Magic
  1232 | D:2      | Reached skill level 1 in Earth Magic
  1232 | D:2      | Reached skill level 1 in Poison Magic
  1236 | D:2      | Learned a level 2 spell: Blink
  1240 | D:2      | Learned a level 3 spell: Conjure Flame
  1357 | D:2      | Found an ancient bone altar of Kikubaaqudgha.
  1358 | D:2      | Noticed a human
  1362 | D:2      | Killed a human
  1471 | D:3      | Reached XP level 5. HP: 37/37 MP: 6/14
  1558 | D:3      | Found a glowing golden altar of the Shining One.
  1693 | D:3      | Found a sacrificial altar of Ru.
  1725 | D:3      | Learned a level 1 spell: Confusing Touch
  2155 | D:4      | Noticed an ogre
  2293 | D:4      | Learned a level 3 spell: Mephitic Cloud
  2356 | D:4      | Killed an ogre
  2356 | D:4      | Reached XP level 6. HP: 44/44 MP: 0/16
  2369 | D:4      | Reached skill level 5 in Dodging
  2597 | D:4      | Reached XP level 7. HP: 23/50 MP: 9/18
  2790 | D:4      | Found a sacrificial altar of Ru.
  3034 | D:5      | Entered Level 5 of the Dungeon
  3083 | D:5      | Found an iron altar of Okawaru.
  3571 | D:5      | Reached skill level 5 in Stealth
  4202 | D:6      | Found a glowing golden altar of the Shining One.
  4216 | D:6      | Found Lech's Assorted Antiques.
  4219 | D:6      | Bought a scroll labeled URUDICEJUKH for 19 gold pieces
  4219 | D:6      | Bought a scroll labeled CIN DIQIEHYF for 19 gold pieces
  4219 | D:6      | Bought a glowing coppery potion for 17 gold pieces
  4219 | D:6      | Bought a blue potion for 17 gold pieces
  4219 | D:6      | Bought a scroll labeled GUBBETRUFA for 19 gold pieces
  4271 | D:6      | Reached XP level 8. HP: 57/57 MP: 11/19
  4396 | D:6      | Found a shattered altar of Ashenzari.
  4396 | D:6      | Found an opulent altar of Gozag.
  4400 | D:6      | Became a worshipper of Ashenzari the Shackled
  4595 | D:6      | Found an ancient bone altar of Kikubaaqudgha.
  4595 | D:6      | Found a radiant altar of Vehumet.
  4600 | D:6      | Found a shadowy altar of Dithmenos.
  4602 | D:6      | Found a stormy altar of Qazlal.
  4604 | D:6      | Found a sparkling altar of Nemelex Xobeh.
  4868 | D:7      | Found a staircase to the Ecumenical Temple.
  4880 | Temple   | Entered the Ecumenical Temple
  5187 | D:7      | Noticed a hippogriff
  5209 | D:7      | Killed a hippogriff
  5209 | D:7      | Reached skill level 8 in Spellcasting
  5470 | D:7      | Reached XP level 9. HP: 39/65 MP: 21/21
  5967 | D:8      | Found a runed translucent gate.
  5967 | D:8      | Found a runed translucent gate.
  6009 | D:8      | Found Xyung's Gadget Emporium.
  6145 | D:8      | Found a runed translucent gate.
  6146 | D:8      | Noticed an12's ghost (novice MfSk)
  6146 | D:8      | Noticed endorz's ghost (novice TrFi)
  6147 | D:8      | Noticed Titania's ghost (novice DrTm)
  6330 | D:8      | Found a white marble altar of Elyvilon.
  6335 | D:8      | Noticed Joseph
  6401 | D:8      | Found a snail-covered altar of Cheibriados.
  6608 | D:8      | Killed Joseph
  6608 | D:8      | Reached skill level 5 in Invocations
  6778 | D:9      | Reached * piety under Ashenzari
  6959 | D:9      | Reached XP level 10. HP: 27/73 MP: 22/22
  7489 | D:9      | Reached skill level 5 in Fighting
  7489 | D:9      | Reached skill level 5 in Short Blades
  7489 | D:9      | Reached skill level 5 in Long Blades
  7489 | D:9      | Reached skill level 5 in Axes
  7489 | D:9      | Reached skill level 5 in Maces & Flails
  7489 | D:9      | Reached skill level 5 in Polearms
  7489 | D:9      | Reached skill level 5 in Staves
  7489 | D:9      | Reached skill level 5 in Slings
  7489 | D:9      | Reached skill level 5 in Bows
  7489 | D:9      | Reached skill level 5 in Crossbows
  7489 | D:9      | Reached skill level 5 in Throwing
  7489 | D:9      | Reached skill level 5 in Armour
  7489 | D:9      | Reached skill level 5 in Shields
  7489 | D:9      | Reached skill level 5 in Unarmed Combat
  7489 | D:9      | Reached skill level 5 in Evocations
  8060 | D:9      | Found a staircase to the Lair.
  8070 | D:9      | Found a blossoming altar of Fedhas.
  8237 | D:8      | Reached skill level 9 in Spellcasting
  8526 | D:9      | Reached skill level 5 in Conjurations
  8526 | D:9      | Reached skill level 5 in Summonings
  8526 | D:9      | Reached skill level 5 in Translocations
  8906 | D:9      | Noticed a two-headed hydra
  8929 | D:9      | Killed a one-headed hydra
  8929 | D:9      | Reached XP level 11. HP: 58/81 MP: 17/24
  9118 | D:10     | Entered Level 10 of the Dungeon
  9468 | D:10     | Noticed Fannar
  9737 | D:10     | Noticed an orc knight
  9767 | D:10     | Killed an orc knight
  9893 | D:10     | Found a staircase to the Orcish Mines.
 10053 | D:10     | Noticed a two-headed ogre
 10076 | D:10     | Killed a two-headed ogre
 10076 | D:10     | Reached skill level 5 in Hexes
 10076 | D:10     | Reached skill level 5 in Charms
 10076 | D:10     | Reached skill level 5 in Necromancy
 10076 | D:10     | Reached skill level 5 in Transmutations
 10076 | D:10     | Reached skill level 5 in Fire Magic
 10076 | D:10     | Reached skill level 5 in Ice Magic
 10076 | D:10     | Reached skill level 5 in Air Magic
 10076 | D:10     | Reached skill level 5 in Earth Magic
 10076 | D:10     | Reached skill level 5 in Poison Magic
 10209 | D:10     | Noticed Urug
 10723 | Lair:1   | Entered Level 1 of the Lair of Beasts
 10830 | Lair:1   | HP: 2/81 [komodo dragon (15)]
 10999 | Lair:1   | Found a runed translucent door.
 10999 | Lair:1   | Noticed soberaf's ghost (journeyman HuWn)
 11187 | Lair:1   | Noticed an eight-headed hydra
 11244 | Lair:1   | Killed a seven-headed hydra
 11791 | Lair:2   | Found a snail-covered altar of Cheibriados.
 11799 | Lair:2   | Reached ** piety under Ashenzari
 12705 | Lair:2   | Noticed a four-headed hydra
 12709 | Lair:2   | Noticed a five-headed hydra
 12750 | Lair:2   | Killed a four-headed hydra
 12750 | Lair:2   | Reached XP level 12. HP: 24/89 MP: 25/25
 12985 | Lair:2   | Killed a five-headed hydra
 13384 | Lair:2   | HP: 3/89 [swamp worm (22)]
 13387 | Lair:2   | Killed from afar by a swamp worm

Levels and vault maps discovered:
D:1:      dpeg_arrival_ternary, layout_basic
D:2:      layout_loops_cross, hangedman_decor_peaks_small, tgw_kikubaaqudgha
D:3:      layout_basic, tso_metal_star, nicolae_ru_sacrificial_ziggurat
D:4:      layout_loops_ring, lemuel_doored_altar, first_ration
D:5:      layout_rooms, overflow_temple_1_default, corexii_leaking_fountain,
          hangedman_decor_growths
D:6:      layout_loops_ring, chequers_temple_overflow_minitemple,
          gammafunk_temple_overflow_elements, basic_altar, serial_shops,
          nicolae_shop_competitors_out_of_business, minmay_misc_feat_rugged
D:7:      layout_rooms, minmay_temple_entry_glass
D:8:      layout_rooms, lemuel_coloured_pillars_altar, elyvilon_altar_5,
          serial_shops, shop, gammafunk_ghost_cemetery, uniq_joseph
D:9:      layout_roguey, fedhas_altar_1, david_lair_shrubbed, hangedman_ranch
          [blue_anna_fruit_fields], serial_bayou_ford_a
D:10:     layout_loops_corners, orc_david_3, minmay_statues_item,
          statue_in_the_mist_lemuel, minmay_tree_intersection, chequers_garden,
          nicolae_underground_beach, uniq_fannar, uniq_urug
D:11:     minmay_the_grid_triangle_9x9_rhombus_thin
          [minmay_the_grid_triangle_9x9_alien,
          minmay_the_grid_triangle_9x9_prize_center,
          minmay_the_grid_triangle_9x9_dagger,
          minmay_the_grid_triangle_9x9_intruding_spiral], layout_irregular_city
Temple:   dpeg_three_leaves_temple
Lair:1:   layout_regular_city, gammafunk_ghost_grave, minivault_23
Lair:2:   layout_small_grid, palyth_hydra_swamp_entry, basic_altar, st_stairs_7,
          lemuel_fruit_tree, grunt_megastairs_2

Skill      XL: |  1  2  3  4  5  6  7  8  9 10 11 |
---------------+----------------------------------+-----
Conjurations   | 2 3 4 5 6 |  6.1
Summonings     | 2 3 4 5 6 |  6.1
Translocations | 2 3 4 5 6 |  6.1
Invocations    | 1 2 3 4 5 6 7 |  7.5
Fighting       | 1 2 3 4 5 6 |  6.9
Short Blades   | 1 2 3 4 5 6 |  6.9
Long Blades    | 1 2 3 4 5 6 |  6.9
Axes           | 1 2 3 4 5 6 |  6.9
Maces & Flails | 1 2 3 4 5 6 |  6.9
Polearms       | 1 2 3 4 5 6 |  6.9
Staves         | 1 2 3 4 5 6 |  6.9
Slings         | 1 2 3 4 5 6 |  6.9
Bows           | 1 2 3 4 5 6 |  6.9
Crossbows      | 1 2 3 4 5 6 |  6.9
Throwing       | 1 2 3 4 5 6 |  6.9
Armour         | 1 2 3 4 5 6 |  6.9
Shields        | 1 2 3 4 5 6 |  6.9
Unarmed Combat | 1 2 3 4 5 6 |  6.9
Evocations     | 1 2 3 4 5 6 |  6.9
Hexes          | 1 2 3 4 5 |  5.7
Charms         | 1 2 3 4 5 |  5.7
Necromancy     | 1 2 3 4 5 |  5.7
Transmutations | 1 2 3 4 5 |  5.7
Fire Magic     | 1 2 3 4 5 |  5.7
Ice Magic      | 1 2 3 4 5 |  5.7
Air Magic      | 1 2 3 4 5 |  5.7
Earth Magic    | 1 2 3 4 5 |  5.7
Poison Magic   | 1 2 3 4 5 |  5.7
Dodging        | 5 6 7 8 |  8.3
Stealth        | 5 6 7 8 |  8.1
Spellcasting   | 8 9 |  9.9

Action                   |  1- 3 |  4- 6 |  7- 9 | 10-12 || total
-------------------------+-------+-------+-------+-------++-------
Melee: Unarmed           |     8 |       |       |       ||     8
       Short sword       |    22 |    18 |       |       ||    40
       Bite              |     2 |     2 |    25 |    27 ||    56
       Dagger            |       |    14 |    58 |       ||    72
       Quarterstaff      |       |       |    41 |       ||    41
       Flail             |       |       |    95 |   176 ||   271
       Punch             |       |       |     1 |    11 ||    12
       Falchion          |       |       |       |    58 ||    58
 Cast: Magic Dart        |    60 |   144 |   313 |   622 ||  1139
       Mephitic Cloud    |       |     2 |     9 |    11 ||    22
       Conjure Flame     |       |     1 |     6 |    47 ||    54
       Blink             |       |       |     1 |    26 ||    27
       Confusing Touch   |       |       |    14 |    30 ||    44
Invok: Curse Item        |       |       |     1 |       ||     1
  Use: Scroll            |       |       |    17 |     5 ||    22
       Potion            |       |       |       |     1 ||     1
 Stab: Sleeping          |       |     2 |     1 |     1 ||     4
       Confused          |       |       |    12 |    18 ||    30
  Eat: Chunk             |       |     5 |     9 |    13 ||    27
       Ration            |       |       |     2 |     3 ||     5
Armor: Robe              |     8 |     7 |    82 |    63 ||   160
Dodge: Dodged            |    42 |    51 |   266 |   356 ||   715
       Rpst.: Falchion   |       |       |       |    24 ||    24

Table legend:
 A = Non-vault XP
 B = Vault XP
 C = Vault XP percentage of total XP
 D = Non-vault monster count
 E = Vault monster count
 F = Vault count percentage of total count
                 A         B        C        D         E       F
            +---------+---------+-------+---------+---------+-------
      Total |   12676 |    7773 |  38.0 |     239 |      29 |  10.8
            +---------+---------+-------+---------+---------+-------
        D:1 |      56 |       0 |   0.0 |      27 |       0 |   0.0
        D:2 |     105 |       0 |   0.0 |      19 |       0 |   0.0
        D:3 |      53 |       0 |   0.0 |      15 |       0 |   0.0
        D:4 |     454 |       0 |   0.0 |      17 |       0 |   0.0
        D:5 |     371 |       0 |   0.0 |      17 |       0 |   0.0
        D:6 |     681 |       0 |   0.0 |      17 |       0 |   0.0
        D:7 |     846 |       0 |   0.0 |      25 |       0 |   0.0
        D:8 |    1787 |     811 |  31.2 |      21 |       2 |   8.7
        D:9 |    2757 |    2088 |  43.1 |      41 |       8 |  16.3
       D:10 |    1753 |     840 |  32.4 |      23 |       9 |  28.1
       D:11 |       2 |       0 |   0.0 |       1 |       0 |   0.0
     Lair:1 |    3308 |     383 |  10.4 |      13 |       1 |   7.1
     Lair:2 |     503 |    3651 |  87.9 |       3 |       9 |  75.0
            +---------+---------+-------+---------+---------+-------
